AoeStats
← BlackKanon07

Pilgrims

508965860Analyzed
4v4 RM · 8d ago on Sep 24, 2026· 55m 34s· 8 players
Game mode
Random Map
Map size
Large (8 player)
Population
200
Speed
Normal
Resources
Standard
Victory
Conquest
Starting age
Dark Age
Ending age
Imperial Age
RankedLock teamsTeams togetherTeam positionsShared explorationLock speedFull tech treeHidden civsTurbo modeCheats
Victory
Defeat
🇪🇸 Sicilians · Spain
949
+13
🇬🇧 Dravidians · United Kingdom
942
+14
🇪🇨 Ethiopians · Ecuador
894
+16
🇨🇴 Bohemians · Colombia
844
+18
🇬🇧 Armenians · United Kingdom
938
-17
🇩🇪 Mongols · Germany
893
-15
🇫🇷 Burgundians · France
873
-15
🇪🇸 Chinese · Spain
854
-33
BlackKanon07
9:11 Loom
11:33 Feudal Age
12:21 Town Watch
17:54 Double-Bit Axe
23:50 Castle Age
22:24 Fletching
24:30 Forging
24:26 Scale Barding Armor
25:53 Wheelbarrow
25:00 Horse Collar
26:04 Bodkin Arrow
28:17 Gold Mining
28:18 Stone Mining
28:31 Heavy Plow
28:50 Bow Saw
29:19 Hand Cart
33:28 Padded Archer Armor
33:31 Husbandry
35:10 Ballistics
36:35 Leather Archer Armor
36:30 Elite Skirmisher
37:16 Thumb Ring
39:31 Town Patrol
cristian19440
14:47 Feudal Age
15:55 Horse Collar
16:04 Double-Bit Axe
17:44 Gold Mining
17:47 Arson
17:23 Man-at-Arms
18:09 Stone Mining
19:15 Loom
20:28 Wheelbarrow
20:39 Scale Barding Armor
20:35 Scale Mail Armor
20:46 Forging
20:26 Fletching
20:37 Padded Archer Armor
22:10 Town Watch
24:43 Castle Age
23:36 Bloodlines
25:20 Pikeman
26:01 Squires
25:24 Light Cavalry
26:05 Husbandry
27:12 Gold Shaft Mining
27:12 Stone Shaft Mining
26:49 Bow Saw
33:54 Chain Barding Armor
33:50 Chain Mail Armor
33:52 Leather Archer Armor
34:00 Heavy Plow
36:06 Hand Cart
40:56 Imperial Age
38:30 Town Patrol
39:58 Great Wall
40:57 Cavalier
43:07 Plate Barding Armor
43:03 Plate Mail Armor
43:04 Ring Archer Armor
42:29 Bodkin Arrow
43:10 Iron Casting
41:59 Capped Ram
43:13 Siege Ram
53:44 Halberdier
54:54 Long Swordsman
Rodorm
6:51 Horse Collar
10:10 Loom
11:56 Feudal Age
11:20 Fishing Lines
12:21 Horse Collar
12:27 Double-Bit Axe
12:37 Gillnets
14:18 Heavy Plow
14:29 Bow Saw
14:18 Gold Mining
19:31 Castle Age
20:06 Gold Shaft Mining
21:33 Medium Warships
21:59 Crop Rotation
22:30 Two-Man Saw
21:39 Husbandry
24:07 Light Cavalry
28:21 Fletching
33:03 Clinker Construction
33:03 Siphons
32:59 Pikeman
33:40 Squires
34:24 Wheelbarrow
34:41 Ballistics
37:22 Imperial Age
36:41 Burgundian Vineyards
37:42 Hand Cart
38:36 Conscription
39:01 Carvel Hull
38:53 Incendiaries
39:07 Careening
39:45 Arson
41:17 Heavy Warships
41:32 Bodkin Arrow
43:25 Loom
43:25 Town Watch
44:56 Elite Coustillier
47:44 Chemistry
47:30 Forging
47:22 Bracer
48:17 Halberdier
50:42 Iron Casting
52:11 Flemish Revolution
Done
6:49 Loom
13:25 Feudal Age
14:24 Town Watch
14:28 Double-Bit Axe
15:26 Fishing Lines
16:20 Gold Mining
23:36 Castle Age
24:48 Medium Warships
24:04 Demolition Ship
25:00 Fletching
25:53 Wheelbarrow
27:49 Bow Saw
28:57 Bodkin Arrow
31:15 Gold Shaft Mining
31:01 Hand Cart
38:42 Gillnets
40:07 Town Patrol
49:17 Imperial Age
47:45 Caravan
49:32 Ballistics
49:16 Padded Archer Armor
48:55 Elite Skirmisher
50:25 Conscription
51:21 Chemistry
50:34 Elite Composite Bowman
ROMMEL X
12:19 Feudal Age
19:12 Castle Age
17:43 Forging
20:30 Pikeman
22:23 Pikeman
25:24 Fletching
29:17 Double-Bit Axe
31:52 Loom
38:02 Imperial Age
36:00 Bodkin Arrow
37:36 Wheelbarrow
39:01 Bracer
38:48 Horse Collar
39:27 Bow Saw
40:04 Conscription
41:47 First Crusade
41:48 Conscription
41:56 Halberdier
44:43 Iron Casting
49:00 Ballistics
48:59 Hand Cart
51:07 Chemistry
50:20 Heavy Plow
50:25 Elite Serjeant
55:14 Heated Shot
mojarra
13:26 Feudal Age
19:45 Castle Age
17:42 Horse Collar
17:49 Double-Bit Axe
25:52 Heavy Plow
26:06 Bow Saw
29:03 Chemistry
38:52 Imperial Age
37:03 Wheelbarrow
40:29 Cavalier
WinyHornet8
15:44 Feudal Age
19:59 Castle Age
20:03 Gold Mining
20:01 Double-Bit Axe
20:00 Horse Collar
20:14 Stone Mining
20:59 Crossbowman
23:17 Thumb Ring
24:06 Man-at-Arms
24:48 Squires
25:48 Fletching
27:50 Ballistics
31:59 Gold Shaft Mining
31:36 Heavy Plow
31:51 Bow Saw
35:48 Imperial Age
34:08 Wheelbarrow
35:25 Bodkin Arrow
35:31 Padded Archer Armor
37:36 Chemistry
36:45 Siege Engineers
37:14 Conscription
36:27 Arbalester
37:55 Bracer
38:11 Leather Archer Armor
53:30 Medium Warships
56:04 Heavy Warships
56:11 Shipwright
56:02 Careening
56:03 Clinker Construction
Horahlooks
11:35 Loom
13:21 Feudal Age
14:38 Fishing Lines
15:20 Double-Bit Axe
16:45 Forging
20:08 Castle Age
20:14 Gold Mining
21:10 Medium Warships
21:32 Fletching
22:02 Bow Saw
22:05 Gillnets
23:19 Careening
23:25 Clinker Construction
23:45 Bodkin Arrow
29:25 Ballistics
33:39 Wheelbarrow
32:49 Town Watch
39:42 Imperial Age
37:27 Hand Cart
39:45 Siphons
41:17 Heavy Warships
40:57 Bracer
41:22 Dry Dock
41:26 Carvel Hull
43:20 Pikeman
44:02 Scale Mail Armor
44:37 Iron Casting
44:23 Halberdier
Connection lost

Rejoining the realm…

Still unreachable

The connection could not be restored.

Session expired

The server has moved on; the page needs a fresh start.